 Dungeon Crawl Stone Soup version 0.27.0-1-g7a089689b8 (webtiles) character file.

Game seed: 2904010594145317906

1484 SnakkuSnakku7 the Chopper (level 8, -10/53 HPs)
             Began as a Gargoyle Berserker on Aug 11, 2021.
             Was a Priest of Trog.
             Mangled by an ogre (17 damage)
             ... on level 5 of the Dungeon.
             The game lasted 00:05:25 (3783 turns).

SnakkuSnakku7 the Chopper (Gargoyle Berserker)      Turns: 3783, Time: 00:05:26

Health: -10/53     AC: 17    Str: 23    XL:     8   Next: 79%
Magic:  8/8        EV:  6    Int:  8    God:    Trog [***...]
Gold:   153        SH:  0    Dex:  9    Spells: 7/7 levels left

rFire    . . .     SeeInvis .   a - +0 hand axe
rCold    . . .     Faith    .   (no shield)
rNeg     + . .     Spirit   .   n - +0 plate armour
rPois    ∞         Reflect  .   l - +0 helmet
rElec    +         Harm     .   (no cloak)
rCorr    .         Rampage  .   (no gloves)
Will     +....                  (no boots)
Stlth    ..........             (no amulet)
HPRegen  0.17/turn              o - ring of willpower
MPRegen  0.11/turn              (no ring)

@: no status effects
A: sickness immunity, AC +5, negative energy resistance 1, electricity
resistance, torment resistance 1, petrification resistance
a: Renounce Religion, Berserk, Trog's Hand


You were on level 5 of the Dungeon.
You worshipped Trog.
Trog was most pleased with you.
You visited 1 branch of the dungeon, and saw 5 of its levels.

You collected 153 gold pieces.

Inventory:

Hand Weapons
 a - a +0 hand axe (weapon)
Armour
 b - a +0 animal skin
 j - a +0 ring mail
 l - a +0 helmet (worn)
 n - a +0 plate armour (worn)
 s - a +0 kite shield
Jewellery
 o - a ring of willpower (left hand)
 x - a ring of protection from cold
Wands
 m - a wand of flame (7)
 y - a wand of digging (4)
Scrolls
 c - 4 scrolls of teleportation {unknown}
 d - 2 scrolls of acquirement {unknown}
 e - 2 scrolls of silence {unknown}
 g - a scroll of immolation {unknown}
 i - a scroll of amnesia {unknown}
 k - 2 scrolls of identify {unknown}
 q - a scroll of enchant weapon {unknown}
 t - a scroll of fear {unknown}
 v - a scroll of vulnerability {unknown}
Potions
 f - a potion of berserk rage {unknown}
 h - 2 potions of might {unknown}
 p - a potion of flight {unknown}
 r - a potion of curing
 u - a potion of heal wounds {unknown}
 w - a potion of invisibility {unknown}
 z - a potion of degeneration {unknown}


   Skills:
 - Level 7.2 Fighting
 + Level 7.4 Axes
 - Level 2.1 Armour
 - Level 1.5 Dodging
 + Level 4.9 Shields


You had 7 spell levels left.
You didn't know any spells.
Your spell library was empty.

Dungeon Overview and Level Annotations

Branches:
Dungeon (5/15)
 Temple: D:4-7

Altars:
Fedhas
Wu Jian
Zin

Shops:
D:1 =?

Annotations:
D:4 dig gold


Innate Abilities, Weirdness & Mutations

You are immune to sickness and miasma.
Your stone body is resilient. (AC +5)
You are immune to poison.
You resist negative energy. (rN+)
You are resistant to electric shocks. (rElec)
You are resistant to unholy torment.
You are immune to petrification.


Message History

The centaur zombie is severely damaged.
The centaur zombie hits you but does no damage.
The centaur zombie kicks you but does no damage.
You hit the centaur zombie.
The centaur zombie is severely damaged.
The centaur zombie barely misses you.
The centaur zombie kicks you but does no damage.
The centaur zombie hits you.
The centaur zombie kicks you but does no damage.
You hit the centaur zombie but do no damage.
The centaur zombie is severely damaged.
The centaur zombie barely misses you. The centaur zombie kicks you.
You hit the centaur zombie but do no damage.
The centaur zombie is severely damaged.
The centaur zombie hits you.
The centaur zombie kicks you but does no damage.
You slash the centaur zombie!
The centaur zombie is almost destroyed.
The centaur zombie barely misses you. x2
You hit the centaur zombie.
You destroy the centaur zombie!
Trog accepts your kill.
You open the door.
An orc comes into view. It is wielding a +1 vorpal war axe.
The orc moves out of view.
An ogre comes into view. It is wielding a +0 giant spiked club.
The ogre shouts!
The ogre moves out of view.
Found a scroll labelled ZACSYI GOQIN and a trident.
There is an open door here.
The ogre hits you with a +0 giant spiked club!!
* * * LOW HITPOINT WARNING * * *
The orc hits you but does no damage.
You are too injured to fight recklessly!
You are too injured to fight recklessly!
You hit the orc.
The orc is moderately wounded.
You hit the ogre. The orc hits you but does no damage.
The ogre hits you with a +0 giant spiked club!
You die...

........##'###.####..[...#.#....
..............).....####........
##.......#.#.########..###.#.###
#.......#..####..##....#.......
#.......#.## #....'....####<###
###.......# #....##..##..### #
####<#..#####..###+#'....# #
###..##.O#'## ##....# #
#..#?.o@## ##..## # #..#)...#
##'## # ####..##..## ##..## #
#......##+ #..†.### #.###..#
#....'.# #.#..<.# +#..##..
#.#..(.# ####### #.###..## #
#.......# #


You could see an ogre and an orc.

Vanquished Creatures
  Pikel (D:5)
  Sigmund (D:2)
  A black bear (D:4)
  A necrophage (D:5)
  A lemure (D:5)
  A bullfrog (D:4)
  A scorpion (D:4)
  A howler monkey (D:4)
  A centaur zombie (D:5)
  2 bullfrog zombies (D:5)
  A hound (D:5)
  An orc priest (D:3)
  2 iguanas
  A scorpion zombie (D:5)
  Jessica (D:2)
  Natasha (twice) (D:2)
  Ijyb (D:3)
  9 adders
  A howler monkey skeleton (D:4)
  2 worms
  A dart slug (D:5)
  4 orcs (D:3)
  9 bats
  5 endoplasms
  8 giant cockroaches
  8 goblins
  12 hobgoblins
  7 jackals
  4 quokkas
  4 ball pythons
  5 frilled lizards
  10 kobolds
  7 rats
116 creatures vanquished.

Notes
Turn   | Place    | Note
-------+----------+-------------------------------------------
     0 | D:1      | SnakkuSnakku7 the Gargoyle Berserker began the quest for
                  | the Orb.
     0 | D:1      | Reached XP level 1. HP: 14/14 MP: 1/1
    51 | D:1      | Reached XP level 2. HP: 18/19 MP: 2/2
    64 | D:1      | Found Lumeesy's Jewellery Shop.
   121 | D:1      | Found Nirill's Magic Scroll Shoppe.
   419 | D:1      | Reached XP level 3. HP: 9/24 MP: 3/3
   754 | D:2      | Reached ** piety under Trog
   882 | D:2      | Noticed Sigmund
   892 | D:2      | Killed Sigmund
   893 | D:2      | Reached skill level 5 in Fighting
   893 | D:2      | Reached XP level 4. HP: 31/31 MP: 4/4
   893 | D:2      | Reached XP level 5. HP: 35/35 MP: 5/5
  1081 | D:2      | Found a faded altar of an unknown god.
  1117 | D:2      | Noticed Natasha
  1126 | D:2      | Killed Natasha
  1127 | D:2      | Reached XP level 6. HP: 25/40 MP: 6/6
  1269 | D:2      | Noticed Jessica
  1274 | D:2      | Killed Jessica
  1656 | D:2      | Noticed Natasha
  1670 | D:2      | Killed Natasha
  1820 | D:3      | Reached *** piety under Trog
  1847 | D:3      | Reached skill level 5 in Axes
  1974 | D:3      | Noticed Ijyb
  1985 | D:3      | Killed Ijyb
  2543 | D:4      | Noticed a black bear
  2552 | D:4      | Reached XP level 7. HP: 47/47 MP: 7/7
  3164 | D:4      | Found an ornate altar of the Wu Jian Council.
  3166 | D:4      | Found a blossoming altar of Fedhas.
  3209 | D:4      | Found a glowing silver altar of Zin.
  3379 | D:5      | Entered Level 5 of the Dungeon
  3466 | D:5      | Reached skill level 1 in Shields
  3529 | D:5      | Noticed Pikel
  3541 | D:5      | Reached XP level 8. HP: 53/53 MP: 8/8
  3605 | D:5      | Killed Pikel
  3783 | D:5      | Mangled by an ogre

Illustrated notes

Levels and vault maps discovered:
D:1:      grunt_arrival_crossed_arrows, layout_basic, serial_shops, shop,
          nicolae_diamond_shop, serial_glass, glass_columns_a, glass_columns_c
D:2:      layout_basic, ebering_ecumenical_altar_mist, uniq_natasha,
          uniq_jessica, uniq_sigmund
D:3:      layout_loops_ring, minmay_crystal_room, st_stairs_14, uniq_ijyb
D:4:      layout_loops_ring, zin_treasury,
          chequers_temple_overflow_statue_of_worship, hangedman_decor_slide_cut,
          kennysheep_cross_bottleneck, chequers_serial_rivers_room_b
D:5:      minmay_bubble_buster, layout_basic, uniq_edmund, uniq_eustachio,
          uniq_pikel

Skill      XL: |  1  2  3  4  5  6  7  8 |
---------------+-------------------------+-----
Axes           | 3 4 5 6 7 |  7.4
Fighting       | 5 6 7 |  7.2
Shields        | 1 4 |  4.9
Armour         | |  2.1
Dodging        | |  1.5

Action                   |  1- 3 |  4- 6 |  7- 9 || total
-------------------------+-------+-------+-------++-------
Melee: Hand axe          |   125 |   162 |   205 ||   492
Invok: Berserk           |     3 |     4 |     1 ||     8
       Trog's Hand       |     1 |       |     2 ||     3
Armor: Animal skin       |    49 |    17 |       ||    66
       Plate armour      |       |    41 |   154 ||   195
       Ring mail         |       |    32 |       ||    32
Dodge: Dodged            |   103 |    76 |    70 ||   249
